 Dungeon Crawl Stone Soup version 0.19.5 (webtiles) character file.

8038 Azzok the Fighter (level 11, -2/85 HPs)
             Began as a Minotaur Fighter on Aug 4, 2017.
             Was an Elder of Okawaru.
             Slain by a six-headed hydra (10 damage)
             ... on level 11 of the Dungeon.
             The game lasted 00:20:37 (11823 turns).

Azzok the Fighter (Minotaur Fighter)               Turns: 11823, Time: 00:20:38

Health: -2/85      AC: 15    Str: 21    XL:     11   Next: 4%
Magic:  15/15      EV:  5    Int:  5    God:    Okawaru [****..]
Gold:   211        SH: 15    Dex: 17    Spells: 0 memorised, 10 levels left

rFire  + . .     SeeInvis .     x - +1 short sword (elec)
rCold  + . .     Gourm    .     g - +0 plate armour
rNeg   . . .     Faith    .     c - +1 shield
rPois  +         Spirit   .     (helmet restricted)
rElec  .         Reflect  +     S - +0 cloak {rPois}
rCorr  .         Harm     .     (no gloves)
MR     .....                    I - +2 pair of boots
Stlth  ..........               t - +4 amulet of reflection
                                D - ring of protection from fire
                                F - ring "Rumemny" {rPois rC+ Dex+4}

@: no status effects
A: retaliatory headbutt, hooves 2, horns 2, repulsion field 1, frail 2, low mp 1
a: Heroism, Renounce Religion


You were on level 11 of the Dungeon.
You worshipped Okawaru.
Okawaru was greatly pleased with you.
You were very hungry.

You visited 1 branch of the dungeon, and saw 11 of its levels.

You collected 804 gold pieces.
You spent 593 gold pieces at shops.

Inventory:

Hand Weapons
 x - a +1 short sword of electrocution (weapon)
 L - a +0 shortbow
Missiles
 K - 109 arrows
Armour
 c - a +1 shield (worn)
 g - a +0 plate armour (worn)
 I - a +2 pair of boots (worn)
 S - a +0 cloak of poison resistance (worn)
Jewellery
 b - an uncursed ring of flight
 t - a +4 amulet of reflection (around neck)
 D - a ring of protection from fire (right hand)
 F - the ring "Rumemny" (left hand) {rPois rC+ Dex+4}
   (You bought it in a shop on level 6 of the Dungeon)

   [ring of poison resistance]

   It affects your dexterity (+4).
   It protects you from cold.
   It protects you from poison.
 P - an uncursed ring of fire
Wands
 d - a wand of lightning (6/15)
 y - a wand of iceblast (2/15)
 H - a wand of slowing (14/48)
 M - a wand of teleportation (4/9)
 N - a wand of heal wounds (5/9)
Scrolls
 a - a scroll of identify
 e - 5 scrolls of teleportation
 i - 2 scrolls of enchant weapon
 j - 4 scrolls of remove curse
 n - 3 scrolls of fog
 q - a scroll of fear
 v - 2 scrolls of magic mapping
 w - 2 scrolls of recharging
 G - a scroll of amnesia
Potions
 l - a potion of cure mutation {!q}
 o - 2 potions of brilliance
 u - 2 potions of ambrosia {unknown}
 z - 3 potions of curing {unknown}
 B - a potion of magic {unknown}
 E - a potion of degeneration {unknown}
 J - a potion of heal wounds {unknown}
 O - a potion of agility {unknown}
 Q - a potion of berserk rage {unknown}
 T - a potion of might
Books
 p - a book of Cantrips

   Spells                             Type                      Level
   a - Confusing Touch                Hexes                        1
   b - Animate Skeleton               Necromancy                   1
   c - Summon Small Mammal            Summoning                    1
   d - Apportation                    Translocation                1
 C - a book of Power

   Spells                             Type                      Level
   a - Fulminant Prism                Conjuration/Hexes            4
   b - Iskenderun's Mystic Blast      Conjuration                  4
   c - Venom Bolt                     Conjuration/Poison           5
   d - Bolt of Magma                  Conjuration/Fire/Earth       5
   e - Iron Shot                      Conjuration/Earth            6
   f - Orb of Destruction             Conjuration                  7
   g - Spellforged Servitor           Conjuration/Summoning        7
 R - a book of Maledictions

   Spells                             Type                      Level
   a - Corona                         Hexes                        1
   b - Ensorcelled Hibernation        Hexes/Ice                    2
   c - Confuse                        Hexes                        3
   d - Tukima's Dance                 Hexes                        3
   e - Dazzling Spray                 Conjuration/Hexes            3
Comestibles
 f - 7 bread rations {@e1}
 h - 2 royal jellies
 k - 2 fruits
 r - 4 meat rations {@e2}
 A - a beef jerky


   Skills:
 - Level 13.0 Fighting
   Level 5.9 Long Blades
 + Level 8.8 Bows
 - Level 3.6 Armour
 - Level 3.6 Shields
 + Level 9.5 Invocations


You had 10 spell levels left.
You didn't know any spells.

Dungeon Overview and Level Annotations

Branches:
Dungeon (11/15)            Temple (0/1) D:7            Lair (0/6) D:9
    Orc (0/2) D:9

Altars:
Ashenzari
Dithmenos
Fedhas
Nemelex Xobeh
Okawaru
Qazlal
Vehumet

Shops:
D:6 =   D:7 }   D:10 =   D:11 (


Innate Abilities, Weirdness & Mutations

You reflexively headbutt those who attack you in melee.
You have a pair of horns on your head.
You have hoof-like feet.
You are surrounded by a mild repulsion field. (EV +2)
You are very frail. (-20% HP)
Your magical capacity is low. (-10% MP)


Message History

Your headbutt misses the six-headed hydra.
The six-headed hydra is moderately wounded.
The six-headed hydra bites you but does no damage.
The six-headed hydra bites you.
You block the six-headed hydra's attack.
The six-headed hydra bites you. The six-headed hydra bites you!
You block the six-headed hydra's attack.
You take 11 damage, and have 39/85 hp.
You puncture the six-headed hydra!
There is a sudden explosion of sparks!
The six-headed hydra is severely wounded.
The six-headed hydra bites you!
You block the six-headed hydra's attack.
The six-headed hydra bites you!
* * * LOW HITPOINT WARNING * * *
The six-headed hydra bites you!
* * * LOW HITPOINT WARNING * * *
The six-headed hydra bites you.
* * * LOW HITPOINT WARNING * * *
The six-headed hydra bites you!
You die...

···▒▒·▒·▒▒▒▒ ·········
···▒·······▒ ▒·▒····▒
▒▒▒▒·▒▒·▒▒·▒ ▒·▒····▒
▒·▒▒·▒▒·▒ ▒·▒····▒
▒▒▒▒·▒▒····▒ ▒·▒····▒▒▒
··▒▒·▒▒▒▒··▒ ▒········▒
···▒·▒▒▒▒··▒ ▒·∩▒·▒▒▒·▒
▒··▒·······▒▒▒▒▒▒▒·▒··▒
▒
▒···············@Dl···▒
▒·▒▒▒▒▒·▒▒▒▒▒··▒▒▒Z▒··▒
▒·▒ ▒·▒▒▒▒▒··▒▒▒·······
··▒ ▒·▒▒······>·▒▒··▒·▒
▒▒▒ ▒·▒▒·▒▒··▒▒·▒ ·▒▒·▒
▒·▒▒·▒▒··▒▒·▒ ▒
▒···········
▒▒▒▒······▒▒ ▒·▒▒▒▒·▒


You could see a six-headed hydra, a wyvern and a bullfrog skeleton.

Vanquished Creatures
  A hill giant (D:10)
  Maurice (D:8)
  A two-headed ogre (D:5)
  Prince Ribbit (D:7)
  2 trolls (D:9)
  2 hippogriffs
  Sigmund (D:5)
  Eustachio (D:5)
  Grum (D:7)
  4 hungry ghosts
  2 wargs (D:9)
  Duvessa (D:6)
  A sky beast (D:8)
  A black bear (D:7)
  A necrophage (D:7)
  7 ice beasts
  2 orc warriors
  2 phantoms
  3 ogres
  4 wolves
  2 centaurs
  A crocodile (D:10)
  4 bullfrogs
  Dowan (D:6)
  2 scorpions
  4 killer bees (D:10)
  6 crimson imps
  6 howler monkeys (D:7)
  2 bullfrog zombies
  4 centaur zombies
  A quasit (D:8)
  3 hounds
  A centaur skeleton (D:4)
  13 orc priests
  2 jellies
  8 orc wizards
  2 bullfrog skeletons
  4 iguanas
  4 worker ants
  6 ogre zombies (D:9)
  3 hound zombies
  A hound skeleton (D:8)
  A worker ant zombie (D:8)
  11 adders
  2 shadow imps
  2 oozes
  An adder skeleton (D:6)
  4 worms
  5 leopard geckos
  30 orcs
  4 giant cockroaches
  12 goblins
  7 hobgoblins
  12 jackals
  7 kobolds
  7 quokkas
  2 ball pythons (D:1)
  4 bats
  3 frilled lizards
  2 goblin skeletons (D:9)
  A goblin zombie (D:9)
  A hobgoblin zombie (D:9)
  2 jackal skeletons
  2 leopard gecko skeletons
  4 orc skeletons (D:9)
  11 orc zombies (D:9)
  5 rats
261 creatures vanquished.

Notes
Turn   | Place    | Note
-------+----------+-------------------------------------------
     0 | D:1      | Azzok the Minotaur Fighter began the quest for the Orb.
     0 | D:1      | Reached XP level 1. HP: 19/19 MP: 0/0
   261 | D:1      | Reached XP level 2. HP: 27/27 MP: 1/1
   305 | D:1      | Reached skill level 4 in Fighting
   675 | D:2      | Reached XP level 3. HP: 31/34 MP: 2/2
  1074 | D:2      | You fall through a shaft for 2 floors!
  1074 | D:4      | Noticed a phantom
  1076 | D:4      | Found a shattered altar of Ashenzari.
  1103 | D:4      | Killed a phantom
  1103 | D:4      | Reached skill level 5 in Fighting
  1103 | D:4      | Reached XP level 4. HP: 16/42 MP: 3/3
  1297 | D:3      | Reached XP level 5. HP: 48/48 MP: 4/4
  1330 | D:3      | Reached skill level 5 in Long Blades
  2577 | D:4      | Reached skill level 6 in Fighting
  2719 | D:4      | Reached XP level 6. HP: 48/57 MP: 5/5
  3065 | D:4      | You fall through a shaft!
  3065 | D:5      | Entered Level 5 of the Dungeon
  3094 | D:5      | Noticed an ice beast
  3107 | D:5      | Reached skill level 7 in Fighting
  3118 | D:5      | Killed an ice beast
  3118 | D:5      | Reached XP level 7. HP: 27/67 MP: 6/6
  3265 | D:5      | Noticed Eustachio
  3280 | D:5      | Killed Eustachio
  3280 | D:5      | Reached skill level 8 in Fighting
  3315 | D:5      | Reached skill level 9 in Fighting
  4047 | D:5      | Reached skill level 10 in Fighting
  4092 | D:5      | Reached XP level 8. HP: 26/80 MP: 7/7
  4258 | D:5      | Noticed a two-headed ogre
  4336 | D:5      | Killed a two-headed ogre
  4336 | D:5      | Reached skill level 11 in Fighting
  5024 | D:5      | Noticed Sigmund
  5032 | D:5      | Killed Sigmund
  5146 | D:5      | Reached skill level 12 in Fighting
  5597 | D:6      | Noticed Dowan
  5600 | D:6      | Noticed Duvessa
  5606 | D:6      | Killed Duvessa
  5612 | D:6      | Killed Dowan
  5848 | D:6      | Reached skill level 13 in Fighting
  5848 | D:6      | Reached XP level 9. HP: 88/93 MP: 8/8
  5884 | D:6      | Found a stormy altar of Qazlal.
  5940 | D:6      | Found Wouni's Jewellery Boutique.
  6024 | D:6      | Found an iron altar of Okawaru.
  6078 | D:6      | Became a worshipper of Warmaster Okawaru
  6203 | D:6      | Found a blossoming altar of Fedhas.
  6223 | D:7      | Found Ceinwes's Gadget Emporium.
  6227 | D:7      | Found a radiant altar of Vehumet.
  6237 | D:7      | Reached skill level 1 in Invocations
  6308 | D:7      | Found a staircase to the Ecumenical Temple.
  6473 | D:7      | Reached skill level 1 in Bows
  6775 | D:7      | Reached * piety under Okawaru
  7180 | D:7      | Noticed Prince Ribbit
  7203 | D:7      | Killed Prince Ribbit
  7369 | D:8      | Noticed Grum
  7383 | D:7      | Reached skill level 5 in Invocations
  7389 | D:7      | Killed Grum
  7389 | D:7      | Reached ** piety under Okawaru
  7389 | D:7      | Reached skill level 5 in Bows
  7392 | D:7      | HP: 2/93 [wolf[Grum] (4)]
  8015 | D:8      | Noticed Maurice
  8103 | D:8      | Reached XP level 10. HP: 101/101 MP: 13/13
  8418 | D:8      | Gained mutation: You are surrounded by a mild repulsion field. (EV +2) [mutagenic meat]
  8419 | D:8      | Gained mutation: You are frail. (-10% HP) [mutagenic meat]
  8421 | D:8      | Gained mutation: Your magical capacity is low. (-10% MP) [mutagenic meat]
  8422 | D:8      | Gained mutation: You are clumsy. (Dex -2) [mutagenic meat]
  8423 | D:8      | Gained mutation: You have large cloven feet. [mutagenic meat]
  8905 | D:8      | Killed Maurice
  8905 | D:8      | Reached *** piety under Okawaru
  9190 | D:6      | Bought the ring "Rumemny" {rPois rC+ Dex+4} for 424 gold pieces
  9500 | D:9      | Found a staircase to the Orcish Mines.
  9664 | D:9      | Found a shadowy altar of Dithmenos.
 10052 | D:9      | Found a staircase to the Lair.
 10274 | D:9      | Found a sparkling altar of Nemelex Xobeh.
 10280 | D:9      | Reached **** piety under Okawaru
 10513 | D:10     | Entered Level 10 of the Dungeon
 10542 | D:10     | Received a gift from Okawaru
 10698 | D:10     | Noticed a hill giant
 10710 | D:10     | Killed a hill giant
 11077 | D:10     | Found Funorchu's Jewellery Shop.
 11100 | D:10     | Bought a cursed -3 ring of strength for 30 gold pieces
 11100 | D:10     | Bought a cursed -2 ring of slaying for 30 gold pieces
 11100 | D:10     | Bought a cursed ring of loudness for 67 gold pieces
 11464 | D:10     | Reached XP level 11. HP: 94/96 MP: 15/15
 11693 | D:11     | Received a gift from Okawaru
 11730 | D:11     | Gained mutation: You are very frail. (-20% HP) [potion of mutation]
 11730 | D:11     | Lost mutation: You are clumsy. (Dex -2) [potion of mutation]
 11730 | D:11     | Gained mutation: You have hoof-like feet. [potion of mutation]
 11730 | D:11     | Paralysed by fainting for 7 turns
 11801 | D:11     | Found Efuadeiq's Weapon Shoppe.
 11804 | D:11     | Bought 14 arrows for 42 gold pieces
 11806 | D:11     | Noticed a six-headed hydra
 11823 | D:11     | Slain by a six-headed hydra

Skill      XL: |  1  2  3  4  5  6  7  8  9 10 |
---------------+-------------------------------+-----
Long Blades    | 3 4 5 |  5.9
Fighting       | 4 5 6 7 10 13 | 13.0
Invocations    | 6 9 |  9.5
Bows           | 5 8 |  8.8
Armour         | |  3.6
Shields        | |  3.6

Action                   |  1- 3 |  4- 6 |  7- 9 | 10-12 || total
-------------------------+-------+-------+-------+-------++-------
Melee: Long sword        |    69 |    82 |       |       ||   151
       Headbutt          |     6 |    22 |    69 |    91 ||   188
       Short sword       |       |    23 |   356 |   353 ||   732
Invok: Heroism           |       |       |       |     1 ||     1
  Use: Potion            |       |       |     1 |     1 ||     2
       Scroll            |       |       |       |    17 ||    17
  Eat: Chunk             |     1 |     6 |    16 |    23 ||    46
Armor: Scale mail        |    19 |    43 |   128 |    45 ||   235
       Plate armour      |       |       |       |    81 ||    81
Dodge: Dodged            |    21 |    32 |    88 |    71 ||   212
Block: Shield            |    22 |    49 |   242 |   228 ||   541
       Reflection        |       |       |     2 |     6 ||     8
       Rpst.: Long sword |     6 |     4 |       |       ||    10
